 Dungeon Crawl Stone Soup version 0.31.0-12-g77e489cdc1 (webtiles) character file.

Game seed: 1849604495773722014

1344 H0rd4k the Martial Artist (level 8, -4/52 HPs)
             Began as an Octopode Artificer on Feb 29, 2024.
             Was an Initiate of Gozag.
             Killed from afar by a white imp (9 damage)
             ... with a puff of frost
             ... on level 6 of the Dungeon.
             The game lasted 00:04:25 (4568 turns).

H0rd4k the Martial Artist (Octopode Artificer)      Turns: 4568, Time: 00:04:25

Health: -4/52      AC:  1    Str: 11    XL:     8   Next: 62%
Magic:  8/8        EV: 18    Int: 22    God:    Gozag
Gold:   208        SH:  0    Dex: 12    Spells: 5/7 levels left

rFire   . .          .
                       - Unarmed
rCold   . . .        (no shield)
rNeg    . . .        (helmet currently unavailable)
rPois   .            e - amulet of magic regeneration
rElec   .            l - ring of wizardry
rCorr   .            m - +5 ring of evasion
SInv    .            u - +6 ring of intelligence
Will    .....        (no ring)
Stlth   +++          (no ring)
HPRegen 0.28/turn    (no ring)
MPRegen 0.51/turn    (no ring)
                     (no ring)

%: wizardry (x1)
@: beast-form, hasted, very quick
A: beast (slay +1), almost no armour, amphibious, 8 rings, camouflage 1,
gelatinous body 1, (nimble swimmer 1), tentacles
a: Begin Untransformation, Renounce Religion, Potion Petition, Call Merchant,
Bribe Branch


You were on level 6 of the Dungeon.
You worshipped Gozag.
Gozag was aware of your devotion.
You were a hulking beast.
You visited 2 branches of the dungeon, and saw 7 of its levels.

You collected 282 gold pieces.
You paid 74 gold pieces to Gozag.

Inventory:

Missiles
 f - 5 poisoned darts
Magical Staves
 w - a staff of earth
Jewellery
 e - an amulet of magic regeneration (around mantle)
 l - a ring of wizardry (left tentacle)
 m - a +5 ring of evasion (right tentacle)
 u - a +6 ring of intelligence (on tentacle)
Talismans
 o - a beast talisman (active)
Wands
 b - a wand of flame (4) (quivered)
 c - a wand of charming (13)
 d - a wand of iceblast (3)
Scrolls
 g - 2 scrolls of enchant weapon {unknown}
 j - 2 scrolls of acquirement {unknown}
 k - 6 scrolls of identify {unknown}
 n - a scroll of silence {unknown}
 q - a scroll of amnesia {unknown}
 r - a scroll of brand weapon {unknown}
 s - a scroll of vulnerability {unknown}
 t - a scroll of noise {unknown}
 v - 2 scrolls of revelation {unknown}
Potions
 a - a potion of enlightenment {unknown}
 h - a potion of berserk rage {unknown}
 i - a potion of haste
 p - 2 potions of might {unknown}
 x - a potion of mutation {unknown}
 z - 2 potions of magic {unknown}


   Skills:
 + Level 3.1 Fighting
 - Level 2.3 Dodging
 - Level 1.3 Stealth
 + Level 8.8 Unarmed Combat
 - Level 3.2 Evocations
 * Level 3.3 Shapeshifting


You had 5 spell levels left.
You knew the following spells:

 Your Spells              Type           Power      Damage    Failure   Level
a - Blink                 Tloc           0%         N/A       11%         2

Your spell library contained the following spells:

 Spells                   Type           Power      Damage    Failure   Level
 Magic Dart               Conj           0%         1d3       7%          1
 Lesser Beckoning         Tloc           0%         N/A       11%         2
 Momentum Strike          Conj/Tloc      0%         3d8       11%         2
 Searing Ray              Conj           0%         2d4       11%         2
 Fulminant Prism          Conj/Alch      0%         3d5       52%         4
 Sculpt Simulacrum        Ice/Alch       0%         N/A       100%        6
 Ozocubu's Refrigeration  Ice            0%         4d7       100%        7
 Polar Vortex             Ice            0%         N/A       100%        9


Dungeon Overview and Level Annotations

Branches:
Dungeon (6/15)             Temple (1/1) D:5

Altars:
Ashenzari
Cheibriados
Dithmenos
Elyvilon
Fedhas
Gozag
Hepliaklqana
Kikubaaqudgha
Makhleb
Nemelex Xobeh
Okawaru
Qazlal
Ru
Sif Muna
Trog
Uskayaw
Vehumet
Wu Jian
Xom
Yredelemnul
Zin
The Shining One

Annotations:
D:4 1 exclusion


Innate Abilities, Weirdness & Mutations

You are a hulking beast.
Your limbs bulge with bestial killing power. (Slay +1)
You cannot wear most types of armour.
You are amphibious.
You can wear up to eight rings at the same time.
Your skin changes colour to match your surroundings (Stealth+).
Your rubbery body absorbs attacks. (AC +1, EV +1)
((You are camouflaged when in or above water. (Stealth+)))
You have tentacles for arms and can constrict up to eight enemies at once.


Message History

You constrict the hound.
You kill the hound!
Found a stone staircase leading up.
Found 15 gold pieces.
Found an escape hatch in the ceiling.
What are your orders? t - Shout!
Orders for allies: a - Attack new target. p - Attack previous target. r - Retreat! s - Stop attacking. g - Guard the area. f - Follow me.
Anything else - Cancel.
Guard this area!
You swap places.
Found 12 gold pieces.
Your sky beast flickers out of sight for a moment.
The sky beast is no longer charmed.
You can no longer detect the sky beast.
Something closely misses you.
You now have 208 gold pieces (gained 15).
Something hits you. Something shocks you.
Deactivating autopickup; reactivate with Ctrl-A.
Something hits you. Something shocks you. Something hits you.
Something shocks you.
A sky beast comes into view.
A white imp comes into view.
The white imp shouts!
Something shouts, "Out, out, thou reeling-ripe knotty-pated coxcomb!"
The white imp gestures at you. The puff of frost hits you!
Something barely misses you.
A white imp comes into view.
The white imp gestures at you. The puff of frost hits you.
* * * LOW HITPOINT WARNING * * *
The white imp gestures at you. The puff of frost hits you.
* * * LOW HITPOINT WARNING * * *
Okay, then.
It was a potion of haste.
You feel yourself speed up. The white imp gestures at you.
The puff of frost hits you!
You die...
Your body crumbles into a pile of gold.

......# ........#
.Y......# .......
. ......
#...#####..#
#.5..h...###
.5...###.....#####
... ####..#......
.$.. #..........#
..<.#..........#
....#..........##
.................
.#........#######
..........#


You could see 2 white imps.

Vanquished Creatures
  Pikel (D:4)
  An ogre (D:5)
  A phantom (D:5)
  4 scorpions
  A bombardier beetle (D:5)
  3 hounds
  A jelly (D:5)
  3 orc priests (D:4)
  A sleepcap (D:4)
  A gnoll (D:2)
  9 adders
  A ribbon worm (D:2)
  7 dart slugs
  17 orcs
  5 bats
  8 endoplasms
  2 giant cockroaches
  3 goblins
  11 hobgoblins
  6 jackals
  7 quokkas
  4 ball pythons
  5 frilled lizards
  5 kobolds
  3 rats
110 creatures vanquished.

Vanquished Creatures (collateral kills)
  A giant cockroach (D:4)
1 creature vanquished.

Vanquished Creatures (others)
  An adder (D:4)
1 creature vanquished.

Grand Total: 112 creatures vanquished

Notes
Turn   | Place    | Note
-------+----------+-------------------------------------------
     0 | D:1      | H0rd4k the Octopode Artificer began the quest for the Orb.
     0 | D:1      | Reached XP level 1. HP: 13/13 MP: 1/1
   117 | D:1      | Reached skill level 1 in Unarmed Combat
   121 | D:1      | Reached XP level 2. HP: 4/18 MP: 2/2
   450 | D:1      | Reached skill level 2 in Unarmed Combat
   548 | D:1      | Reached XP level 3. HP: 23/23 MP: 3/3
  1181 | D:2      | Reached skill level 3 in Unarmed Combat
  1181 | D:2      | Reached XP level 4. HP: 13/29 MP: 4/4
  1671 | D:2      | Reached skill level 4 in Unarmed Combat
  1671 | D:2      | Reached XP level 5. HP: 32/34 MP: 5/5
  2038 | D:2      | Learned a level 2 spell: Blink
  2503 | D:3      | Found a shimmering altar of Xom.
  2584 | D:3      | Found a bloodstained altar of Trog.
  2693 | D:4      | Noticed a lemure
  2693 | D:4      | Noticed a lemure
  2694 | D:4      | Noticed Pikel
  2696 | D:4      | Noticed a lemure
  2699 | D:4      | Noticed a lemure
  2701 | D:4      | Killed Pikel
  2702 | D:4      | Reached skill level 6 in Unarmed Combat
  2702 | D:4      | Reached XP level 6. HP: 32/41 MP: 6/6
  2702 | D:4      | Reached XP level 7. HP: 36/45 MP: 7/7
  3006 | D:4      | Reached skill level 7 in Unarmed Combat
  3805 | D:5      | Entered Level 5 of the Dungeon
  3875 | D:5      | Reached XP level 8. HP: 51/51 MP: 8/8
  3898 | D:5      | Found a shadowy altar of Dithmenos.
  3954 | D:5      | Reached skill level 8 in Unarmed Combat
  4177 | D:5      | Found a burning altar of Makhleb.
  4258 | D:5      | Found a staircase to the Ecumenical Temple.
  4337 | Temple   | Entered the Ecumenical Temple
  4391 | Temple   | Became a worshipper of Gozag Ym Sagoz the Greedy
  4568 | D:6      | Killed from afar by a white imp

Illustrated notes

Levels and vault maps discovered:
D:1:      lightli_arrival_farm, layout_loops_ring
D:2:      minmay_evil_eye, layout_loops_corners
D:3:      layout_loops_ring, mainiacjoe_overflow_catch_the_wave,
          skrybe_limestone_x, minivault_26
D:4:      layout_loops_ring, lemuel_flame_loot_1, uniq_pikel
D:5:      layout_rooms, overflow_temple_1_default,
          grunt_dithmenos_smoke_and_mirrors, minmay_temple_entry_enclosed_plants
D:6:      layout_rooms, uniq_maggie
Temple:   dpeg_five_rooms_temple

Skill      XL: |  1  2  3  4  5  6  7  8 |
---------------+-------------------------+-----
Unarmed Combat | 1 2 3 4 6 7 8 |  8.8
Fighting       | 2 3 |  3.1
Shapeshifting  | 2 3 |  3.3
Dodging        | |  2.3
Stealth        | |  1.3
Evocations     | |  3.2

Action                     |  1- 3 |  4- 6 |  7- 9 || total
---------------------------+-------+-------+-------++-------
  Melee: Unarmed           |   103 |    80 |   101 ||   284
         Constrict         |    21 |    22 |    22 ||    65
         Tentacles         |    14 |    14 |    21 ||    49
         Punch             |     3 |     4 |     8 ||    15
  Evoke: Wand              |       |     4 |    11 ||    15
    Use: Potion            |       |       |     1 ||     1
   Stab: Sleeping          |    12 |     3 |     6 ||    21
         Distracted        |       |     1 |       ||     1
 Armour: Skin              |    40 |    30 |    33 ||   103
  Dodge: Dodged            |    77 |    51 |    61 ||   189
   Form: Beast             |       |       |     1 ||     1
